 Dungeon Crawl Stone Soup version 0.20.1-1-g8b1a95d (webtiles) character file.

4021 malki the Ruffian (level 10, -1/98 HPs)
             Began as a Troll Monk on July 12, 2017.
             Was a Believer of Trog.
             Slain by a two-headed ogre
             ... wielding a +0 giant club
              (23 damage)
             ... on level 8 of the Dungeon.
             The game lasted 00:59:18 (6732 turns).

malki the Ruffian (Troll Monk)                      Turns: 6732, Time: 00:59:18

Health: -1/98      AC:  8    Str: 24    XL:     10   Next: 3%
Magic:  9/9        EV: 12    Int:  6    God:    Trog [**....]
Gold:   419        SH: 13    Dex: 12    Spells: 9/9 levels left

rFire    . . .     SeeInvis .     - Unarmed
rCold    . . .     Gourm    +   k - +3 shield
rNeg     + . .     Faith    .   q - +2 robe {rN+}
rPois    .         Spirit   .   (helmet restricted)
rElec    .         Reflect  .   J - +0 cloak
rCorr    .         Harm     .   (gloves unavailable)
MR       .....                  (boots unavailable)
Stlth    ++........             (no amulet)
Regen    0.7/turn               (no ring)
MPRegen  0.2/turn               (no ring)

@: very slightly contaminated, invisible
A: unfitting armour, claws 3, fast metabolism 3, gourmand, regeneration 1,
shaggy fur 1, tough skin 2
a: Berserk, Trog's Hand, Burn Spellbooks, Renounce Religion


You were on level 8 of the Dungeon.
You worshipped Trog.
Trog was pleased with you.
You were hungry.

You visited 2 branches of the dungeon, and saw 9 of its levels.

You collected 419 gold pieces.

Inventory:

Hand Weapons
 p - a +3 long sword of holy wrath
 s - a cursed +0 quarterstaff
 D - a +1 flail of protection
Armour
 k - a +3 shield (worn)
 q - a +2 robe of positive energy (worn)
 u - a +0 ring mail
 J - a +0 cloak (worn)
Wands
 i - a wand of paralysis (1/24)
 C - a wand of clouds (6/9)
 K - a wand of lightning (8/15)
Scrolls
 c - 6 scrolls of identify {unknown}
 f - 2 scrolls of blinking {unknown}
 g - 2 scrolls of enchant armour
 l - 2 scrolls of teleportation
 m - 3 scrolls of remove curse
 n - 5 scrolls of recharging
 w - a scroll of random uselessness {unknown}
 x - 3 scrolls of immolation
 y - a scroll of noise {unknown}
 B - a scroll of magic mapping {unknown}
 E - 2 scrolls of fog {unknown}
 I - a scroll of enchant weapon {unknown}
Potions
 a - a potion of berserk rage {unknown}
 e - a potion of heal wounds {unknown}
 o - 3 potions of brilliance
 t - 2 potions of magic {unknown}
 v - a potion of cancellation {unknown}
 z - a potion of flight {unknown}
 A - 2 potions of lignification
 F - a potion of degeneration {unknown}
Books
 r - a book of Maledictions

   Spells                             Type                      Level
   a - Corona                         Hexes                        1
   b - Ensorcelled Hibernation        Hexes/Ice                    2
   c - Confuse                        Hexes                        3
   d - Tukima's Dance                 Hexes                        3
   e - Dazzling Spray                 Conjuration/Hexes            3
   Trog disapproves of the use of such an item.
 G - a book of Battle

   Spells                             Type                      Level
   a - Infusion                       Charms                       1
   b - Shroud of Golubria             Charms/Translocation         2
   c - Song of Slaying                Charms                       2
   d - Spectral Weapon                Hexes/Charms                 3
   e - Regeneration                   Charms/Necromancy            3
   Trog disapproves of the use of such an item.
 H - a book of Maledictions

   Spells                             Type                      Level
   a - Corona                         Hexes                        1
   b - Ensorcelled Hibernation        Hexes/Ice                    2
   c - Confuse                        Hexes                        3
   d - Tukima's Dance                 Hexes                        3
   e - Dazzling Spray                 Conjuration/Hexes            3
   Trog disapproves of the use of such an item.
Comestibles
 b - 7 bread rations
 d - 6 royal jellies
 h - 13 fruits
 j - 6 meat rations


   Skills:
 * Level 6.1 Fighting
 - Level 7.1 Dodging
 - Level 3.0 Stealth
 - Level 5.0 Shields
 - Level 7.1 Unarmed Combat


You had 9 spell levels left.
You didn't know any spells.

Dungeon Overview and Level Annotations

Branches:
Dungeon (8/15)             Temple (1/1) D:5            Lair (0/6) D:8

Altars:
Ashenzari
Cheibriados
Dithmenos
Fedhas
Gozag
Hepliaklqana
Kikubaaqudgha
Makhleb
Okawaru
Qazlal
Ru
Sif Muna
Trog
Uskayaw
Vehumet
Xom
Yredelemnul
Zin
The Shining One

Shops:
D:5 *


Innate Abilities, Weirdness & Mutations

You are too large for most types of armour.
You have claws for hands.
Your metabolism is lightning-fast.
You like to eat raw meat.
Your natural rate of healing is unusually fast.
You are covered in fur. (AC +1)
You have very tough skin. (AC +2)


Message History

The two-headed ogre barely misses you. You block the two-headed ogre's attack.
You catch the helpless two-headed ogre completely off-guard!
You scratch the two-headed ogre but do no damage.
The two-headed ogre is lightly wounded.
The two-headed ogre shouts in stereo!
You hear a bark! x2
You block the two-headed ogre's attack.
The two-headed ogre hits you with a giant spiked club!
You catch the helpless two-headed ogre completely off-guard!
You claw the two-headed ogre!
The two-headed ogre is moderately wounded.
You claw the two-headed ogre!
The two-headed ogre is heavily wounded.
The two-headed ogre hits you with a giant club!
* * * LOW HITPOINT WARNING * * *
The two-headed ogre closely misses you.
You scratch the two-headed ogre.
The two-headed ogre is severely wounded.
You block the two-headed ogre's attack.
The two-headed ogre hits you with a giant spiked club!!
You die...

########################
................@OZ.....
.###############.#######
...# #h## ...# #..####
...<# ##....## ....#
###.##..## ....#
#.........# .(..#
#.###.###.# ....# # #.#
#.#######


You could see a two-headed ogre, a jackal (wandering) and a bullfrog skeleton
(wandering).

Vanquished Creatures
  A two-headed ogre (D:7)
  Pikel (D:7)
  Grinder (D:4)
  A hippogriff (D:7)
  A hungry ghost (D:8)
  Menkaure (D:7)
  A water moccasin (D:6)
  2 slaves (D:7)
  2 black bears
  3 sky beasts
  4 ogres
  3 phantoms
  A centaur (D:7)
  A big kobold (D:5)
  Blork the orc (D:4)
  A bullfrog (D:6)
  2 scorpions
  A howler monkey (D:6)
  3 crimson imps
  2 hounds (D:6)
  A jelly (D:6)
  Crazy Yiuf (D:7)
  An orc priest (D:5)
  An iguana (D:6)
  4 orc wizards
  6 worker ants
  A worker ant zombie (D:7)
  4 gnolls (D:6)
  7 adders
  3 shadow imps
  An adder skeleton (D:6)
  3 worms
  4 dart slugs
  A leopard gecko (D:2)
  24 orcs
  2 giant cockroaches
  3 goblins
  9 hobgoblins
  12 jackals
  9 kobolds
  4 quokkas
  8 bats
  4 frilled lizards
  A leopard gecko skeleton (D:5)
  7 rats
154 creatures vanquished.

Vanquished Creatures (others)
  An orc (D:5)
1 creature vanquished.

Grand Total: 155 creatures vanquished

Notes
Turn   | Place    | Note
-------+----------+-------------------------------------------
     0 | D:1      | malki the Troll Monk began the quest for the Orb.
     0 | D:1      | Reached XP level 1. HP: 22/22 MP: 0/0
   295 | D:1      | Reached XP level 2. HP: 29/29 MP: 1/1
  1099 | D:2      | Found a hazy altar of Hepliaklqana.
  1100 | D:2      | Found a shimmering altar of Xom.
  1100 | D:2      | Noticed a hungry ghost
  1101 | D:2      | Noticed a spectral ugly thing
  1101 | D:2      | Noticed a hungry ghost
  1111 | D:2      | Found an ancient bone altar of Kikubaaqudgha.
  1116 | D:2      | Reached XP level 3. HP: 36/36 MP: 2/2
  1663 | D:3      | Reached XP level 4. HP: 41/45 MP: 3/3
  2106 | D:4      | Noticed Blork the orc
  2118 | D:4      | Killed Blork the orc
  2118 | D:4      | Reached XP level 5. HP: 47/53 MP: 4/4
  2214 | D:4      | Reached skill level 5 in Unarmed Combat
  2262 | D:4      | Noticed an ogre
  2265 | D:4      | Killed an ogre
  2265 | D:4      | Reached XP level 6. HP: 61/61 MP: 5/5
  2310 | D:4      | Reached skill level 1 in Shields
  2408 | D:4      | Noticed Grinder
  2409 | D:4      | Paralysed by Grinder for 6 turns
  2423 | D:4      | Paralysed by Grinder for 6 turns
  2437 | D:4      | Paralysed by Grinder for 4 turns
  2449 | D:4      | Paralysed by Grinder for 3 turns
  2452 | D:4      | Killed Grinder
  2452 | D:4      | Reached XP level 7. HP: 51/68 MP: 6/6
  3129 | D:5      | Entered Level 5 of the Dungeon
  3181 | D:5      | Found a hide-covered altar of Uskayaw.
  3297 | D:5      | Found a shadowy altar of Dithmenos.
  3302 | D:5      | Found a deep blue altar of Sif Muna.
  3338 | D:5      | Found Efacluc's Assorted Antiques.
  3405 | D:5      | Found an iron altar of Okawaru.
  3618 | D:5      | Found a staircase to the Ecumenical Temple.
  3620 | D:5      | Found a faded altar of an unknown god.
  3639 | Temple   | Entered the Ecumenical Temple
  3820 | Temple   | Became a worshipper of Trog the Wrathful
  3820 | Temple   | Reached * piety under Trog
  3820 | Temple   | Reached ** piety under Trog
  4235 | D:5      | Found a glowing golden altar of the Shining One.
  4264 | D:5      | Found a basalt altar of Yredelemnul.
  4290 | D:5      | Noticed an angel
  4456 | D:6      | Reached XP level 8. HP: 71/78 MP: 7/7
  4855 | D:6      | Reached skill level 5 in Fighting
  5319 | D:7      | Found a runed door.
  5425 | D:7      | Noticed Menkaure
  5428 | D:7      | Killed Menkaure
  5428 | D:7      | Reached XP level 9. HP: 65/88 MP: 8/8
  5745 | D:7      | Noticed a two-headed ogre
  6045 | D:7      | Found a shattered altar of Ashenzari.
  6064 | D:7      | Noticed Pikel
  6075 | D:7      | Paralysed by Pikel for 3 turns
  6088 | D:7      | Killed Pikel
  6088 | D:7      | Reached skill level 5 in Dodging
  6300 | D:7      | Killed a two-headed ogre
  6475 | D:7      | Noticed Crazy Yiuf
  6478 | D:7      | Killed Crazy Yiuf
  6538 | D:8      | Found a staircase to the Lair.
  6653 | D:8      | Reached skill level 5 in Shields
  6653 | D:8      | Reached XP level 10. HP: 97/98 MP: 9/9
  6695 | D:8      | Noticed a two-headed ogre
  6732 | D:8      | Slain by a two-headed ogre

Skill      XL: |  1  2  3  4  5  6  7  8  9 |
---------------+----------------------------+-----
Fighting       | 3 4 5 6 |  6.1
Unarmed Combat | 4 5 6 7 |  7.1
Dodging        | 3 4 7 |  7.1
Shields        | 1 2 4 5 |  5.0
Stealth        | 2 3 |  3.0

Action                   |  1- 3 |  4- 6 |  7- 9 | 10-12 || total
-------------------------+-------+-------+-------+-------++-------
Melee: Unarmed           |   110 |    87 |   356 |    19 ||   572
       Punch             |       |     1 |       |       ||     1
  Use: Potion            |       |       |     5 |     1 ||     6
       Scroll            |       |       |     5 |       ||     5
 Stab: Sleeping          |     2 |     2 |     5 |       ||     9
       Invisible         |       |       |       |     2 ||     2
  Eat: Chunk             |    21 |     5 |    39 |     1 ||    66
Armor: Robe              |    28 |    17 |    75 |     2 ||   122
       Skin              |       |       |     1 |       ||     1
Dodge: Dodged            |    35 |    28 |    73 |     7 ||   143
Block: Shield            |       |     5 |   129 |     8 ||   142
